Map: Arctic Dream LE

Players

qqq - Winner!

  • Race: Protoss Protoss
  • League: Platinum
  • Spawn Location: 6:00

Massa - Winner!

  • Race: Terran Terran
  • League: Gold
  • Spawn Location: 5:00

Jimblot

  • Race: Protoss Protoss
  • League: Gold
  • Spawn Location: 12:00

sqwale

  • Race: Zerg Zerg
  • League: Gold
  • Spawn Location: 11:00

VOD

Have the link to the VOD?

Description

Time

  • Played on: June 4, 2020, 2:43 p.m.
  • Length: 8:18
Show
View Real Time Build Order
Export as new Build Order

qqq Protoss - Winner!

Build Orders:  

Get SALT Encoding   

  12  0:03  Probe  
  13  0:15  Probe  
  13  0:21  Pylon  
  14  0:42  Forge  
  14  0:55  Pylon  
  14  1:06  Pylon  
  14  1:15  Pylon  
  14  1:16  Pylon  
  14  1:18  Pylon  
  14  1:31  Pylon  
  14  1:34  Photon Cannon  
  14  1:48  Photon Cannon  
  13  2:06  Photon Cannon  
  13  2:12  Photon Cannon  
  13  2:28  Photon Cannon  
  13  2:34  Pylon  
  13  2:50  Photon Cannon  
  13  3:04  Photon Cannon  
  13  3:12  Photon Cannon  
  13  3:29  Photon Cannon  
  13  3:39  Photon Cannon  
  13  3:51  Photon Cannon  
  13  4:06  Gateway  
  13  4:08  Probe  
  13  4:09  Assimilator  
  14  4:21  Probe  
  15  4:33  Probe  
  16  4:51  Probe  
  17  4:55  Photon Cannon  
  17  4:58  Photon Cannon  
  17  5:03  Probe  
  17  5:04  Cybernetics Core  
  17  5:15  Probe  
  18  5:27  Probe  
  19  5:39  Probe  
  20  5:51  Probe  
  20  5:53  Stargate  
  21  6:15  Assimilator  
  21  6:16  Nexus  
  21  6:40  Void Ray (Chrono Boost)  
  21  6:45  Zealot  
  27  7:12  Zealot  
  27  7:13  Void Ray (Chrono Boost)  
  33  7:28  Probe  
  34  7:32  Assimilator  
  34  7:35  Assimilator  
  34  7:40  Probe  
  35  7:52  Probe  
Show
View Real Time Build Order
Export as new Build Order

Massa Terran - Winner!

Build Orders:  

Get SALT Encoding   

  12  0:14  SCV  
  12  0:15  Supply Depot  
  13  0:26  SCV  
  14  0:38  SCV  
  15  0:47  Refinery  
  15  0:50  SCV  
  16  1:10  Barracks  
  16  1:20  SCV  
  16  1:25  Barracks  
  17  1:32  SCV  
  18  1:44  SCV  
  18  1:45  Supply Depot  
  19  1:56  SCV  
  19  1:57  Marine  
  21  2:02  Bunker  
  21  2:12  Marine  
  21  2:14  Marine  
  23  2:18  Factory  
  23  2:30  Orbital Command, Marine  
  23  2:32  Marine  
  25  2:48  Marine  
  25  2:50  Marine  
  27  3:07  Factory Tech Lab  
  27  3:08  Marine  
  27  3:11  Barracks  
  28  3:18  Barracks  
  28  3:26  Marine  
  28  3:27  Marine  
  29  3:29  Siege Tank  
  29  3:42  Supply Depot  
  29  3:44  Supply Depot  
  29  3:45  SCV  
  30  3:53  Marine  
  31  4:04  SCV  
  28  4:47  Marine  
  28  4:49  Marine  
  30  4:58  Command Center  
  30  5:03  Siege Tank  
  30  5:05  Marine  
  30  5:06  Marine  
  35  5:23  Marine  
  35  5:24  Marine  
  37  5:36  Marine  
  37  5:41  Bunker, Marine  
  37  5:42  Marine  
  40  5:53  Marine  
  41  5:58  Marine  
  41  6:00  Marine  
  43  6:11  Marine  
  43  6:16  Marine  
  45  6:26  Marine  
  45  6:31  Siege Tank  
  49  6:34  Marine  
  50  6:43  Marine  
  47  6:52  Marine  
  47  6:59  Marine  
  48  7:01  Marine  
  48  7:03  SCV  
  48  7:07  SCV  
  51  7:10  Marine  
  51  7:16  SCV  
  51  7:17  Marine  
  51  7:19  SCV, Marine  
  52  7:24  Siege Tank  
  52  7:27  Marine  
  56  7:30  Orbital Command  
  56  7:31  SCV  
  56  7:35  Marine  
  58  7:37  Marine  
  58  7:43  SCV  
  60  7:55  SCV  
Show
View Real Time Build Order
Export as new Build Order

Jimblot Protoss 

Build Orders:  

Get SALT Encoding   

  12  0:01  Probe  
  13  0:13  Probe  
  14  0:20  Pylon  
  14  0:25  Probe  
  15  0:38  Probe (Chrono Boost), Gateway  
  16  0:47  Assimilator  
  16  0:49  Probe (Chrono Boost)  
  17  1:13  Probe  
  18  1:20  Gateway  
  18  1:25  Probe  
  19  1:28  Zealot  
  21  2:10  Zealot  
  21  2:14  Pylon  
  23  2:32  Zealot  
  21  2:48  Probe  
  21  2:50  Zealot  
  24  3:00  Probe  
  20  3:25  Zealot x2  
  13  3:42  Probe  
  12  3:54  Probe  
  12  4:07  Probe  
  10  4:38  Zealot  
  10  4:49  Nexus  
  10  4:51  Pylon  
  7  5:54  Nexus  
  7  6:09  Pylon  
  7  7:40  Nexus  
  5  8:04  Nexus  
Show
View Real Time Build Order
Export as new Build Order

sqwale Zerg 

Build Orders: Pool First 

Get SALT Encoding   

  12  0:10  Overlord  
  12  0:13  Drone  
  13  0:17  Drone  
  14  0:29  Drone  
  15  0:39  Drone  
  16  0:44  Drone  
  17  0:55  Drone  
  18  0:59  Spawning Pool  
  18  1:03  Extractor  
  16  1:06  Drone  
  17  1:24  Drone  
  18  1:27  Drone  
  19  1:39  Drone  
  20  1:41  Hatchery  
  20  1:47  Queen  
  19  1:48  Overlord  
  21  2:12  Drone  
  21  2:13  Drone  
  23  2:20  Metabolic Boost  
  23  2:22  Zergling x2  
  24  2:37  Zergling x2  
  25  2:46  Zergling x2  
  26  2:55  Drone  
  26  2:58  Drone  
  27  3:01  Zergling x6  
  30  3:12  Spine Crawler  
  29  3:17  Spine Crawler  
  29  3:18  Spine Crawler  
  27  3:21  Spine Crawler  
  25  3:32  Drone  
  25  3:33  Drone x5  
  28  4:29  Drone x6  
  34  5:10  Roach Warren, Queen, Overlord x3  
  35  5:27  Overlord x4  
  35  5:32  Roach Warren  
  34  5:45  Queen  
  34  5:46  Spore Crawler  
  35  5:53  Zergling x6  
  35  5:54  Zergling x6  
  41  5:57  Spine Crawler  
  41  6:04  Zergling x6  
  41  6:05  Zergling x2  
  44  6:16  Drone x2  
  46  6:22  Lair  
  46  6:23  Roach  
  48  6:26  Roach x2  
  48  6:27  Roach  
  47  6:50  Roach  
  47  6:51  Roach x6  
  47  7:28  Drone  
  47  7:29  Drone x8  
  56  7:43  Spire  
  55  7:46  Extractor  
Tags
 
Add a new tag
Caveats
  • Supply blocks, unpowered buildings, or Contaminate may cause inaccurate times.
  • Supply counts are checked every 10 seconds.